Map: Triton LE

Players

Zipslugger

  • Race: Terran Terran
  • League: Gold
  • Spawn Location: 11:00

pHARM - Winner!

  • Race: Zerg Zerg
  • League: Platinum
  • Spawn Location: 5:00

VOD

Have the link to the VOD?

Description

Time

  • Played on: Aug. 30, 2019, 8:52 p.m.
  • Length: 21:56
Show
View Real Time Build Order
Export as new Build Order

Zipslugger Terran 

Build Orders:  

Get SALT Encoding   

  12  0:01  SCV  
  13  0:13  SCV  
  14  0:22  Supply Depot  
  14  0:25  SCV  
  15  0:44  SCV  
  15  0:46  Refinery  
  16  0:50  Barracks  
  16  0:56  SCV  
  17  1:02  Supply Depot  
  17  1:08  SCV  
  18  1:20  SCV  
  19  1:26  Supply Depot  
  19  1:32  SCV  
  20  1:39  Marine  
  21  1:45  Orbital Command  
  21  2:06  Marine  
  22  2:12  Factory  
  22  2:15  SCV  
  23  2:23  Marine  
  23  2:25  Command Center  
  24  2:38  SCV  
  24  2:41  Marine  
  26  2:55  SCV  
  27  2:59  Marine, Factory Reactor  
  27  3:03  Barracks  
  27  3:04  Refinery  
  28  3:07  SCV  
  28  3:08  Supply Depot  
  29  3:20  SCV  
  30  3:27  Barracks Tech Lab  
  30  3:31  Supply Depot  
  30  3:40  Widow Mine x2  
  34  3:49  Starport  
  34  3:53  SCV  
  34  3:54  Engineering Bay  
  35  3:55  Orbital Command  
  35  4:15  Widow Mine x2  
  39  4:17  Barracks Reactor  
  39  4:18  Stimpack  
  39  4:23  SCV x2  
  41  4:33  Starport Reactor  
  41  4:35  SCV x2  
  43  4:42  Supply Depot  
  43  4:47  SCV  
  43  4:48  SCV  
  45  4:59  SCV  
  46  5:05  Supply Depot  
  42  5:18  Medivac x2  
  42  5:20  Widow Mine x2  
  50  5:22  Marine x2  
  50  5:23  Marine  
  50  5:26  SCV  
  50  5:28  SCV  
  55  5:38  SCV  
  55  5:40  Marine x2, SCV  
  55  5:41  Marine  
  60  5:45  Command Center  
  60  5:48  Viking  
  62  5:52  SCV  
  62  5:58  Concussive Shells  
  50  6:11  Widow Mine x2  
  50  6:13  Marine x2, Marauder  
  51  6:30  SCV  
  51  6:31  Marine x2  
  56  6:33  Widow Mine  
  56  6:34  Marauder  
  58  6:49  Marine x2  
  58  6:53  Orbital Command  
  60  6:56  Marauder  
  60  7:06  Marine x2  
  58  7:13  Widow Mine x2  
  62  7:17  Marauder  
  64  7:24  Marine x2  
  64  7:27  Supply Depot  
  64  7:29  Supply Depot  
  66  7:31  Supply Depot  
  66  7:32  Orbital Command  
  66  7:34  Widow Mine  
  68  7:39  Marauder  
  68  7:42  Marine x2  
  68  7:43  Supply Depot  
  72  7:52  SCV  
  72  7:53  Missile Turret  
  72  7:56  SCV  
  74  8:04  SCV  
  75  8:06  Supply Depot  
  75  8:08  SCV, Factory  
  75  8:09  Factory  
  76  8:20  SCV  
  77  8:27  SCV x2  
  77  8:29  Starport  
  77  8:32  SCV  
  80  8:34  Refinery  
  80  8:38  Refinery  
  80  8:39  SCV x2  
  82  8:45  SCV  
  83  8:51  SCV x2  
  83  8:53  Liberator  
  85  8:57  SCV  
  86  9:03  SCV x2  
  86  9:05  Factory Tech Lab x2  
  86  9:06  Missile Turret  
  86  9:08  Starport Tech Lab  
  88  9:14  Marine x3  
  94  9:27  SCV x3  
  97  9:39  SCV x2, Orbital Command  
  99  9:48  Command Center  
  99  9:49  Raven  
  99  9:50  Siege Tank  
  99  9:51  Siege Tank, SCV x2  
  109  9:53  Viking  
  111  10:03  SCV  
  112  10:23  Siege Tank  
  112  10:28  Viking  
  117  10:34  Supply Depot x2  
  117  10:36  Supply Depot  
  117  10:38  Supply Depot  
  117  10:39  Supply Depot  
  117  10:40  Supply Depot  
  117  10:55  Marine x3, Siege Tank, Viking  
  117  10:56  Siege Tank  
  123  11:13  Marine x3  
  126  11:28  Siege Tank  
  126  11:31  Marine x2  
  126  11:32  Marine  
  127  11:47  SCV x3  
  127  11:48  Marine  
  127  11:49  Marauder  
  127  11:50  Marine  
  127  11:51  Refinery  
  127  11:52  Orbital Command, Refinery  
  134  11:55  Viking x2  
  134  11:58  Widow Mine  
  134  11:59  Siege Tank, SCV, Widow Mine  
  134  12:00  Siege Tank  
  146  12:05  Armory  
  146  12:06  Marine  
  146  12:07  Marine  
  148  12:09  Fusion Core  
  148  12:10  Marauder, Terran Infantry Weapons Level 1  
  150  12:20  Widow Mine  
  152  12:24  Marine  
  152  12:25  Marine, Viking  
  152  12:29  Widow Mine  
  158  12:31  Marine, Siege Tank  
  158  12:32  Widow Mine  
  164  12:43  Raven  
  166  12:46  Marine x2  
  166  12:49  Marine  
  169  12:51  Barracks  
  169  12:55  Terran Ship Weapons Level 1  
  169  13:04  Marine  
  169  13:05  Marine  
  170  13:07  Marauder  
  173  13:13  Barracks  
  173  13:15  Missile Turret  
  173  13:22  Marine  
  173  13:23  Marine  
  173  13:26  Raven  
  177  13:29  Marauder  
  179  13:37  Missile Turret  
  179  13:39  Supply Depot  
  179  13:40  Marine, Barracks  
  180  13:52  Supply Depot  
  180  13:54  Drilling Claws  
  180  13:56  Command Center  
  180  13:58  Advanced Ballistics  
  180  13:59  Missile Turret  
  180  14:01  Marine x3  
  183  14:03  Supply Depot  
  183  14:04  Terran Infantry Armor Level 1  
  183  14:06  Command Center  
  183  14:16  Supply Depot  
  183  14:18  Marine x2  
  185  14:25  Missile Turret  
  185  14:36  Marine  
  186  14:41  Sensor Tower  
  186  14:49  Terran Vehicle Weapons Level 1  
  186  15:06  Barracks Tech Lab  
  186  15:10  Combat Shield  
  186  15:15  Barracks Reactor, Planetary Fortress  
  186  15:19  Missile Turret  
  184  15:23  Sensor Tower  
  184  15:33  Siege Tank x2  
  190  15:40  Missile Turret  
  190  15:58  Neosteel Armor  
  190  16:00  Supply Depot  
  190  16:01  Liberator x3  
  190  16:05  Siege Tank  
  196  16:44  Liberator x3, Terran Vehicle And Ship Armor Level 1  
  132  16:50  Marine, Marauder x2  
  132  16:51  Marine x3  
  132  16:54  Siege Tank x2  
  139  17:08  Marine  
  139  17:09  Marine x3  
  139  17:11  Marauder  
  139  17:12  Marauder  
  140  17:26  Marine x2, Siege Tank  
  140  17:27  Marine, Liberator x3  
  139  17:33  Marauder  
  139  17:38  Hi-Sec Auto Tracking  
  133  18:05  Siege Tank x2  
  139  18:09  Liberator  
  137  18:23  Marine  
  137  18:24  Marine x5  
  146  18:35  Terran Infantry Armor Level 2  
  146  18:37  Siege Tank x2  
  146  18:41  Marine x2  
  152  18:42  Marine x4  
  152  18:44  Orbital Command  
  158  18:57  Orbital Command  
  158  18:58  Barracks Reactor  
  158  18:59  Marine x3  
  158  19:00  Marine x3  
  164  19:09  Siege Tank x2  
  170  19:17  Marine x5  
  170  19:18  Marine  
  176  19:35  Marine x2  
  152  19:55  Marine  
  152  19:56  Marine  
  154  20:03  Refinery  
  154  20:04  Refinery  
  154  20:10  Command Center  
  154  20:11  Medivac x3  
  154  20:12  Marine  
  154  20:13  Marine x5  
  154  20:14  Marine x2  
  168  20:30  Marine  
  168  20:31  Marine x3  
  172  20:57  Marine x2  
  172  21:04  Marine x3  
  172  21:05  Marine x3  
  172  21:06  Orbital Command  
  102  21:15  Marine x2  
  82  21:21  Marine x2  
  82  21:22  Marine  
  82  21:23  Marine x3  
  71  21:33  Marine  
Show
View Real Time Build Order
Export as new Build Order

pHARM Zerg - Winner!

Build Orders: Hatch First, Zergling Baneling 

Get SALT Encoding   

  12  0:11  Overlord  
  12  0:26  Drone x2  
  14  0:31  Drone  
  15  0:38  Drone  
  16  0:54  Hatchery, Drone  
  16  1:06  Drone  
  16  1:10  Drone  
  18  1:28  Spawning Pool  
  18  1:29  Drone  
  18  1:38  Drone  
  19  1:55  Extractor  
  19  1:56  Drone  
  19  1:57  Drone  
  20  2:15  Queen x2  
  24  2:18  Zergling x4  
  26  2:29  Drone  
  28  2:30  Drone  
  28  2:32  Overlord  
  28  2:51  Drone  
  28  2:52  Drone x4  
  28  2:56  Metabolic Boost  
  28  2:58  Queen  
  35  3:03  Overlord  
  35  3:12  Drone  
  36  3:21  Queen  
  38  3:28  Drone x6  
  38  3:32  Overlord x2  
  44  3:38  Baneling Nest  
  43  3:45  Overlord x2  
  43  4:05  Zergling x4  
  43  4:06  Zergling x14  
  52  4:19  Zergling x8  
  56  4:44  Baneling x9  
  56  4:45  Zergling x6  
  57  4:46  Zergling x6  
  47  5:22  Baneling  
  47  5:23  Baneling x3  
  47  5:24  Zergling x24  
  59  5:30  Drone  
  57  6:08  Drone  
  57  6:09  Drone x9  
  66  6:36  Baneling x8  
  66  6:37  Zergling x12  
  71  6:46  Extractor  
  70  6:47  Extractor  
  56  7:09  Zergling x8  
  56  7:13  Overlord x3  
  54  7:38  Lair  
  54  7:44  Evolution Chamber  
  54  7:45  Extractor, Hatchery  
  54  7:46  Evolution Chamber  
  50  8:18  Zerg Ground Armor Level 1, Zerg Melee Weapons Level 1  
  50  8:21  Zergling x8  
  50  8:22  Zergling x30  
  69  8:27  Baneling  
  69  8:28  Baneling x7  
  69  8:43  Hydralisk Den  
  68  8:52  Overseer x2  
  68  9:06  Drone x8  
  76  9:21  Drone  
  76  9:23  Overlord x4, Infestation Pit  
  76  9:51  Grooved Spines  
  76  9:57  Drone x11  
  87  10:01  Extractor  
  87  10:02  Extractor  
  85  10:14  Zerg Ground Armor Level 2, Zerg Missile Weapons Level 1  
  75  11:02  Muscular Augments  
  72  11:37  Centrifical Hooks  
  72  11:40  Drone x18  
  72  11:41  Drone x13  
  102  12:08  Zerg Melee Weapons Level 2  
  102  12:22  Spine Crawler  
  101  12:24  Spore Crawler, Spine Crawler  
  101  12:25  Spine Crawler  
  101  12:26  Spore Crawler  
  101  12:28  Hive  
  97  12:33  Hatchery  
  96  12:40  Spine Crawler  
  96  12:41  Hydralisk x5  
  96  12:43  Overlord, Zergling x2  
  96  12:44  Overlord x10  
  106  12:57  Spore Crawler  
  105  13:07  Baneling x20  
  105  13:08  Zergling x16  
  105  13:09  Zergling x12  
  105  13:12  Queen x2  
  123  13:15  Zerg Missile Weapons Level 2  
  123  13:35  Extractor  
  123  13:36  Extractor  
  121  13:43  Ultralisk Cavern  
  121  13:44  Hydralisk x9  
  121  13:47  Queen  
  140  14:28  Zerg Melee Weapons Level 3  
  140  14:31  Chitinous Plating  
  140  14:34  Ultralisk x6  
  140  14:36  Zergling x2  
  140  14:37  Zergling x6  
  180  15:20  Hatchery  
  177  15:31  Zerg Ground Armor Level 3  
  177  15:40  Hydralisk x7  
  191  15:50  Anabolic Synthesis  
  177  16:17  Zergling x32  
  177  16:18  Zergling x6  
  166  16:24  Zergling x6  
  138  16:51  Hydralisk x9  
  140  17:26  Zergling x2  
  140  17:27  Zergling x20  
  140  17:28  Hatchery  
  144  17:44  Ultralisk  
  144  17:45  Ultralisk x3  
  166  18:11  Zergling x20  
  175  18:24  Baneling x16  
  175  18:25  Baneling x4  
  169  18:50  Zergling x2  
  169  18:51  Zergling x38  
  169  18:52  Zergling x16  
  197  18:58  Overseer  
  197  18:59  Overseer x8  
  197  19:09  Drone  
  198  19:10  Overlord x2  
  102  20:00  Ultralisk x7  
  102  20:01  Ultralisk x6  
  102  20:02  Zergling x6  
  183  20:31  Overlord x3  
  183  20:33  Hatchery  
  183  20:35  Baneling x16  
  182  20:36  Baneling x3  
  182  20:50  Overseer  
  145  21:21  Spire  
  145  21:22  Hydralisk  
  145  21:23  Hydralisk x10  
Tags
 
Matchup
TvZ
Replay Pack
10.7.19
Spawn Locations
Cross Positions
Add a new tag
Caveats
  • Supply blocks, unpowered buildings, or Contaminate may cause inaccurate times.
  • Supply counts are checked every 10 seconds.